 Dungeon Crawl Stone Soup version 0.23-a0-398-g8eab93f (webtiles) character file.

290 Gildeon the Ruffian (level 6, 0/51 HPs)
             Began as a Draconian Transmuter on Nov 2, 2018.
             Was a Follower of Makhleb.
             Succumbed to a worker ant's poison
             ... on level 4 of the Dungeon on Nov 3, 2018.
             The game lasted 00:22:06 (3720 turns).

Gildeon the Ruffian (Draconian Transmuter)          Turns: 3720, Time: 00:22:07

Health: 0/51       AC:  6    Str: 19    XL:     6   Next: 9%
Magic:  10/10      EV: 13    Int: 13    God:    Makhleb [*.....]
Gold:   230        SH:  0    Dex: 12    Spells: 1/11 levels left

rFire    . . .     SeeInvis .     - Unarmed
rCold    . . .     Gourm    .   (no shield)
rNeg     . . .     Faith    .   (armour unavailable)
rPois    .         Spirit   .   (helmet restricted)
rElec    .         Reflect  .   d - scarf {cloud immunity}
rCorr    .         Harm     .   (no gloves)
MR       .....                  (no boots)
Stlth    +.........             (no amulet)
HPRegen  0.17/turn              e - ring of flight
MPRegen  0.12/turn              (no ring)

@: mighty, lethally poisoned (0 -> -11), flying, very slightly contaminated,
invisible
A: unfitting armour, cold-blooded, AC +6
a: Renounce Religion


You were on level 4 of the Dungeon.
You worshipped Makhleb.
Makhleb was aware of your devotion.
You were not hungry.

You visited 1 branch of the dungeon, and saw 4 of its levels.

You collected 230 gold pieces.

Inventory:

Missiles
 a - 65 arrows
 m - a tomahawk of returning (quivered)
 s - 24 poisoned needles
Armour
 d - a scarf of cloud immunity (worn)
Jewellery
 e - a ring of flight (left hand)
Scrolls
 f - a scroll of remove curse
 h - 2 scrolls of fog
 i - a scroll of amnesia
 k - a scroll of fear {unknown}
 l - a scroll of immolation {unknown}
 q - a scroll of acquirement {unknown}
 r - a scroll of teleportation {unknown}
Comestibles
 c - 8 rations
 j - 8 chunks of flesh


   Skills:
 + Level 3.0 Fighting
 + Level 3.0 Dodging
 + Level 4.0 Unarmed Combat
 + Level 3.1 Spellcasting
 + Level 3.3 Transmutations


You had one spell level left.
You knew the following spells:

 Your Spells              Type           Power        Failure   Level  Hunger
a - Beastly Appendage     Tmut           ##....       6%          1    #......
b - Sticks to Snakes      Tmut           ##......     9%          2    ##.....
c - Spider Form           Tmut/Pois      #.........   34%         3    ###....
d - Ice Form              Ice/Tmut       #.......     75%         4    #####..

Your spell library contained the following spells:

 Spells                   Type           Power        Failure   Level  Hunger
 Blade Hands              Tmut           ##........   85%         5    ######.


Dungeon Overview and Level Annotations

Branches:
Dungeon (4/15)             Temple (0/1) D:4

Altars:
Ashenzari
Makhleb
Okawaru
Trog
Vehumet
Yredelemnul

Portals:
Sewer: D:4


Innate Abilities, Weirdness & Mutations

Your plain brown scales are hard. (AC +6)
You cannot fit into any form of body armour.
You are cold-blooded and may be slowed by cold attacks.


Message History

You feel sick.
Items here: ( ) ÷ † a +0 flail; a tomahawk of returning; a worker ant corpse a howler monkey skeleton You butcher the worker ant corpse.
* * * LOW HITPOINT WARNING * * *
You feel sick.
Items here: % ( ) ÷ a +0 flail; a tomahawk of returning; 3 chunks of flesh a howler monkey skeleton
j - 8 chunks of flesh (gained 3)
* * * LOW HITPOINT WARNING * * *
You feel sick.
* * * LOW HITPOINT WARNING * * *
You feel sick.
You aren't carrying any potions.
Okay, then.
You aren't carrying any items that you can evoke.
You hear the brisk rusting of a drain nearby.
You die...

#...≈≈≈∩≈≈≈...*,,*,* ####
#..≈≈≈≈≈≈≈≈≈.#*,,*,* ...#######
#..#≈≈≈≈≈≈≈#.##,,,,, ##.....÷.#
#....≈≈≈≈≈.....,,,,, ##.#####.###
#.#..#≈..#..#*,,,,,* ...........#
#.##.....?.#*,,,,,,* .#.#.#.#.#.#
#...(......###,,,,,, ...........#
##.............,,,,, .#.......#.#
##@.......####,**** ...........#
#.##...### *,* .#...>...#.#
#)##...# **+** ...........##
#.###### **,,,** .#.......#..#
##.###### **,,,,,** ............#
#...)...#**,,,,,,,*
.#.#.#.#.#..###>....#.#*,,,,,,,,,
.......................+,,,,,,,,,
##.[...#.)#####.....#.##,,,,,,,,,


There were no monsters in sight!

Vanquished Creatures
  A necrophage (D:4)
  A howler monkey (D:4)
  Terence (D:3)
  A worker ant (D:4)
  4 adders
  A worm (D:4)
  5 dart slugs
  A leopard gecko (D:3)
  2 orcs
  2 giant cockroaches
  8 hobgoblins
  3 jackals (D:3)
  2 quokkas
  2 ball pythons (D:1)
  4 bats
  3 frilled lizards
  8 goblins
  9 kobolds
  12 rats
70 creatures vanquished.

Notes
Turn   | Place    | Note
-------+----------+-------------------------------------------
     0 | D:1      | Gildeon the Draconian Transmuter began the quest for the
                  | Orb.
     0 | D:1      | Reached XP level 1. HP: 16/16 MP: 3/3
   167 | D:1      | Reached XP level 2. HP: 17/23 MP: 5/5
   175 | D:1      | Learned a level 2 spell: Sticks to Snakes
   759 | D:1      | Reached XP level 3. HP: 27/29 MP: 6/6
   773 | D:1      | Learned a level 3 spell: Spider Form
   773 | D:1      | Upgraded the game from 0.23-a0-396-g5214e5f to
                  | 0.23-a0-398-g8eab93f
  1371 | D:2      | Found a bloodstained altar of Trog.
  1797 | D:2      | Found an iron altar of Okawaru.
  1855 | D:2      | Found a burning altar of Makhleb.
  1878 | D:2      | Became a worshipper of Makhleb the Destroyer
  2124 | D:2      | Reached XP level 4. HP: 36/36 MP: 5/7
  2228 | D:3      | Found a basalt altar of Yredelemnul.
  2294 | D:3      | Found a radiant altar of Vehumet.
  3259 | D:3      | Noticed Terence
  3268 | D:3      | Killed Terence
  3478 | D:4      | Found a shattered altar of Ashenzari.
  3504 | D:4      | Found a staircase to the Ecumenical Temple.
  3511 | D:4      | Noticed a necrophage
  3537 | D:4      | Killed a necrophage
  3537 | D:4      | Reached XP level 5. HP: 19/40 MP: 9/9
  3547 | D:4      | Learned a level 4 spell: Ice Form
  3628 | D:4      | Reached * piety under Makhleb
  3629 | D:4      | Found a glowing drain.
  3688 | D:4      | Reached skill level 4 in Unarmed Combat
  3714 | D:4      | Reached XP level 6. HP: 9/51 MP: 10/10
  3718 | D:4      | HP: 2/51 [poisoned by a worker ant]
  3720 | D:4      | Succumbed to a worker ant's poison

Vault maps used:
D:1:      scummos_arrival_simple_fountains, minmay_cupped
D:2:      minmay_wonky_spiral, okawaru_trees_2, old_standard_altar,
          overflow_temple_1_default, first_ration,
          chequers_serial_rivers_small_b
D:3:      nicolae_overflow_crystal_walls, fiery_altar_vehumet, minivault_5,
          st_stairs_1, uniq_terence
D:4:      lemuel_crystal_altar, ashenzari_altar_1, minmay_temple_entry_glass,
          cheibrodos_sewer_entry_drain

Skill      XL: |  1  2  3  4  5 |
---------------+----------------+-----
Dodging        | 2 3 |  3.0
Fighting       | 2 3 |  3.0
Spellcasting   | 3 |  3.1
Transmutations | 3 |  3.3
Unarmed Combat | 4 |  4.0

Action                   |  1- 3 |  4- 6 || total
-------------------------+-------+-------++-------
Melee: Unarmed           |   143 |   110 ||   253
       Tailslap          |    11 |    15 ||    26
       Kick              |    10 |     3 ||    13
       Punch             |     1 |       ||     1
       Headbutt          |     1 |    10 ||    11
Throw: Tomahawk          |       |     2 ||     2
 Cast: Beastly Appendage |     8 |    12 ||    20
  Use: Scroll            |     5 |     5 ||    10
       Potion            |       |     7 ||     7
 Stab: Sleeping          |     1 |     1 ||     2
       Invisible         |       |     2 ||     2
  Eat: Chunk             |     4 |     5 ||     9
Armor: Skin              |    41 |    35 ||    76
Dodge: Dodged            |    99 |    55 ||   154

Table legend:
 A = Non-vault XP
 B = Vault XP
 C = Vault XP percentage of total XP
 D = Non-vault monster count
 E = Vault monster count
 F = Vault count percentage of total count
                 A         B        C        D         E       F
            +---------+---------+-------+---------+---------+-------
      Total |     356 |      59 |  14.2 |      55 |      15 |  21.4
            +---------+---------+-------+---------+---------+-------
        D:1 |      49 |      10 |  16.9 |      25 |       6 |  19.4
        D:2 |      45 |       3 |   6.2 |       6 |       3 |  33.3
        D:3 |      34 |      39 |  53.4 |      18 |       3 |  14.3
        D:4 |     228 |       7 |   3.0 |       6 |       3 |  33.3
            +---------+---------+-------+---------+---------+-------
